Predators vs Jets
Created - February 23, 2024 at 09:10
Goals
|
| Predators |
4 |
1 |
2 |
7 |
| Jets |
0 |
1 |
0 |
1 |
|
Shots
|
| Predators |
14 |
15 |
3 |
32 |
| Jets |
16 |
5 |
8 |
29 |
|
1st period
1. Predators , Justin Faulk 3 (Nicolas Kerdiles 8, Ryan Mcdonagh 22) at 2:17
2. Predators , Alexander Ovechkin 12 (Reilly Smith 21, Andy Miele 25) at 3:14
3. Predators , Andy Miele 21 (Reilly Smith 22, Alexander Ovechkin 17) at 7:49
4. Predators , Jaden Schwartz 20 (Jack Eichel 25) at 18:43 (PP)
Penalties :
Tyler Seguin (Win) for Tripping (Minor) at 18:39, Ryan Johansen (Win) for Hooking (Minor) at 19:07
2nd period
5. Predators , Jaden Schwartz 21 (Mikael Granlund 20, Jack Eichel 26) at 1:22
6. Jets , Tyler Toffoli 17 (Max Domi 29) at 11:48
Penalties :
Justin Faulk (Nas) for Roughing (Minor) at 1:46, Nicolas Kerdiles (Nas) for Hooking (Minor) at 2:46, Mikael Granlund (Nas) for Roughing (Minor) at 13:51, Adam Larsson (Win) for Goalie Interference (Minor) at 17:53
3rd period
7. Predators , Markus Granlund 7 (Joel Armia 10, Josh Morrissey 9) at 10:49
8. Predators , Mikael Granlund 22 (Ryan Mcdonagh 23) at 15:53
Penalties :
Alexander Wennberg (Win) for Fighting (Major) at 2:07, Andy Miele (Nas) for Fighting (Major) at 2:07, Jaden Schwartz (Nas) for Holding (Minor) at 18:08
Goalie Stats
Michal Neuvirth (Nas), 28 saves from 29 shots - (0.966), W, 10-13-2, 60:00 minutes
Elvis Merzlikins (Win), 10 saves from 14 shots - (0.714), L, 4-3-0, 18:43 minutes
Jacob Markstrom (Win), 15 saves from 18 shots - (0.833), 41:17 minutes
Players Stats for Predators
Player Name G A P +/- PIM S H SB GA TA FO MP PP MP PK MP
------------------------------------------------------------------------------------
Alexander Ovechkin 1 1 2 2 0 5 1 0 0 0 0/1 14:57 1:22 0:57
Andreas Englund 0 0 0 2 0 0 0 1 0 0 0/0 13:50 0:00 1:43
Andy Miele 1 1 2 2 5 2 0 1 0 0 8/16 14:48 1:22 2:17
Hunter Shinkaruk 0 0 0 1 0 0 0 0 0 0 0/1 9:07 0:00 0:00
Jack Eichel 0 2 2 2 0 0 1 0 0 2 14/30 20:15 2:40 0:00
Jaden Schwartz 2 0 2 2 2 4 1 0 1 0 3/6 23:15 2:40 2:56
Joel Armia 0 1 1 1 0 0 0 0 0 0 0/0 9:07 0:00 0:00
John Moore 0 0 0 2 0 2 0 0 0 0 0/0 18:10 1:08 2:29
Josh Morrissey 0 1 1 2 0 0 2 0 1 1 0/0 14:36 0:00 2:29
Justin Faulk 1 0 1 1 2 2 0 4 0 2 0/0 28:11 2:54 2:49
Mark Pysyk 0 0 0 0 0 1 2 1 1 0 0/0 13:58 0:00 3:44
Markus Granlund 1 0 1 1 0 1 0 0 0 0 2/2 9:07 0:00 0:00
Mikael Granlund 1 1 2 2 2 6 0 2 0 1 2/3 19:52 2:40 0:00
Nicolas Kerdiles 0 1 1 0 2 5 1 0 0 1 1/1 11:28 0:00 0:43
Reilly Smith 0 2 2 2 0 0 3 0 1 0 0/1 15:49 1:22 1:49
Ryan Mcdonagh 0 2 2 1 0 1 1 2 0 0 0/0 29:43 2:54 4:20
Scott Laughton 0 0 0 0 0 2 2 0 1 0 2/6 10:13 0:00 0:00
Travis Dermott 0 0 0 2 0 1 2 1 1 1 0/0 15:41 1:08 0:00
Players Stats for Jets
Player Name G A P +/- PIM S H SB GA TA FO MP PP MP PK MP
------------------------------------------------------------------------------------
Adam Larsson 0 0 0 -4 2 1 0 0 0 1 0/0 18:36 0:00 1:31
Alex Galchenyuk 0 0 0 -1 0 3 1 0 2 0 0/1 20:57 3:58 0:29
Alexander Wennberg 0 0 0 -3 5 2 0 2 0 1 7/13 11:46 0:00 1:12
Anthony Mantha 0 0 0 -4 0 1 1 0 1 0 0/0 15:05 0:00 2:50
Dougie Hamilton 0 0 0 0 0 0 3 4 0 1 0/0 27:28 3:34 1:33
Frank Vatrano 0 0 0 -1 0 0 1 0 0 0 0/0 7:00 0:00 0:43
Marco Scandella 0 0 0 -3 0 1 0 1 0 0 0/0 20:39 3:15 3:02
Max Domi 0 1 1 1 0 3 2 2 0 1 9/16 17:25 2:51 0:00
Mirco Mueller 0 0 0 -2 0 2 0 0 0 0 0/0 12:26 0:00 0:00
Nathan Walker 0 0 0 -1 0 1 0 0 0 0 0/0 6:17 0:00 0:00
Noel Acciari 0 0 0 -2 0 1 0 0 0 0 4/11 10:27 0:00 2:50
Ryan Johansen 0 0 0 -2 2 2 1 0 0 0 13/24 20:36 3:58 0:00
Ryan Murray 0 0 0 1 0 2 1 1 1 2 0/0 25:16 3:34 1:58
Sam Reinhart 0 0 0 -3 0 4 1 0 2 0 0/0 11:59 0:00 0:00
Troy Stetcher 0 0 0 -2 0 1 0 1 0 0 0/0 15:41 3:15 0:00
Tyler Seguin 0 0 0 -1 2 1 1 0 2 0 1/1 19:24 2:51 0:00
Tyler Toffoli 1 0 1 1 0 1 2 1 0 0 1/1 16:58 2:51 0:00
Viktor Arvidsson 0 0 0 1 0 3 2 1 0 0 0/0 17:54 3:58 0:00
3 Stars
1 - Jaden Schwartz (Nas)
2 - Alexander Ovechkin (Nas)
3 - Michal Neuvirth (Nas)
Power Play
Predators - 1 on 3 Attempt(s) - 33.33%
Jets - 0 on 4 Attempt(s) - 0.00%
Penalty Kill
Predators - 4 on 4 Attempt(s) - 100.00%
- Score 0 goal in Penalty Kill
Jets - 2 on 3 Attempt(s) - 66.67%
- Score 0 goal in Penalty Kill
Team Stat
Predators - Hits : 16 - Faceoff Wins : 32 - Blocked Shots : 12 - Penalty Minutes : 13
Jets - Hits : 16 - Faceoff Wins : 35 - Blocked Shots : 13 - Penalty Minutes : 11
Official
Referees : Michael Markovic and Garrett Rank
Linesman : Matt MacPherson and Ryan Gibbons
Game Notes
Jacob Markstrom enters game at 18:43 of 1st period
Alexander Wennberg and Andy Miele fight to a draw at 2:07 of 3rd period
Finance
Level 1 -- Attendance: 6000 (100.00%) -- Ticket Income $600,000
Level 2 -- Attendance: 4809 (96.18%) -- Ticket Income $288,540
Level 3 -- Attendance: 1892 (94.60%) -- Ticket Income $66,220
Level 4 -- Attendance: 3887 (97.18%) -- Ticket Income $97,175
Luxury Box -- Attendance: 900 (90.00%) -- Ticket Income $180,000
Game was played at the Bell MTS Place.
Total Attendance: 17488 (97.16%)
Total Ticket Income: $1,231,935
Other Income: $184,790
Total Income: $1,416,725
Predators
5 vs 5 Forward
Center Left Wing Right Wing Time % Phy DF OF
1 Jack Eichel Jaden Schwartz Mikael Granlund 40 1 1 3
2 Andy Miele Alexander Ovechkin Reilly Smith 30 1 2 2
3 Scott Laughton Nicolas Kerdiles Mark Pysyk 20 1 2 2
4 Markus Granlund Hunter Shinkaruk Joel Armia 10 1 2 2
5 vs 5 Defense
Defense Defense Time % Phy DF OF
1 Ryan Mcdonagh Justin Faulk 40 1 2 2
2 John Moore Travis Dermott 30 1 2 2
3 Andreas Englund Josh Morrissey 20 1 2 2
4 Justin Faulk Ryan Mcdonagh 10 1 2 2
PowerPlay Forward
Center Left Wing Right Wing Time % Phy DF OF
1 Jack Eichel Jaden Schwartz Mikael Granlund 60 1 1 3
2 Andy Miele Alexander Ovechkin Reilly Smith 40 1 1 3
PowerPlay Defense
Defense Defense Time % Phy DF OF
1 Ryan Mcdonagh Justin Faulk 60 1 2 2
2 John Moore Travis Dermott 40 1 2 2
Penalty Kill 4 Players Forward
Center Wing Time % Phy DF OF
1 Jaden Schwartz Mark Pysyk 60 1 4 0
2 Andy Miele Nicolas Kerdiles 40 1 2 2
Penalty Kill 4 Players Defense
Defense Defense Time % Phy DF OF
1 Ryan Mcdonagh Justin Faulk 60 1 3 1
2 John Moore Josh Morrissey 40 1 3 1
Penalty Kill - 3 Players Forward
Forward Time % Phy DF OF
1 Jaden Schwartz 60 1 3 1
2 Mark Pysyk 40 1 3 1
Penalty Kill - 3 Players Defense
Defense Defense Time % Phy DF OF
1 Ryan Mcdonagh Justin Faulk 60 1 3 1
2 John Moore Josh Morrissey 40 1 3 1
4 vs 4 Forward
Center Wing Time % Phy DF OF
1 Alexander Ovechkin Mikael Granlund 60 1 2 2
2 Jaden Schwartz Reilly Smith 40 1 2 2
4 vs 4 Defense
Defense Defense Time % Phy DF OF
1 Ryan Mcdonagh Justin Faulk 60 1 2 2
2 John Moore Travis Dermott 40 1 2 2
Last Minutes Offensive
Center Left Wing Right Wing Defense Defense
Jack Eichel Alexander Ovechkin Mikael Granlund Ryan Mcdonagh Justin Faulk
Last Minutes Defensive
Center Left Wing Right Wing Defense Defense
Andy Miele Alexander Ovechkin Mikael Granlund John Moore Ryan Mcdonagh
Goaltenders
Starting : Michal Neuvirth
Backup : Kari Lehtonen
Extra Forwards
Normal : Jaden Schwartz, Nicolas Kerdiles, Scott Laughton - PP : Jaden Schwartz, Scott Laughton - PK : Reilly Smith
Extra Defensemen
Normal : John Moore, Josh Morrissey, Andreas Englund - PP : Josh Morrissey - PK : Andreas Englund, John Moore
Penalty Shots
Alexander Ovechkin, Mikael Granlund, Jaden Schwartz, Reilly Smith, Andy Miele
Custom OT Lines Forwards
Alexander Ovechkin, Mikael Granlund, Jack Eichel, Jaden Schwartz, Reilly Smith, Andy Miele, Mark Pysyk, Nicolas Kerdiles, Scott Laughton, Markus Granlund
Custom OT Lines Defensemen
Ryan Mcdonagh, John Moore, Justin Faulk, Josh Morrissey, Travis Dermott
Scratches
Claude Giroux (Strained Right Elbow Injury)
Jets
5 vs 5 Forward
Center Left Wing Right Wing Time % Phy DF OF
1 Ryan Johansen Alex Galchenyuk Tyler Seguin 35 0 1 4
2 Max Domi Tyler Toffoli Viktor Arvidsson 30 0 1 4
3 Alexander Wennberg Anthony Mantha Sam Reinhart 25 0 2 3
4 Noel Acciari Nathan Walker Frank Vatrano 10 0 2 3
5 vs 5 Defense
Defense Defense Time % Phy DF OF
1 Ryan Murray Dougie Hamilton 40 0 3 2
2 Adam Larsson Marco Scandella 30 0 3 2
3 Mirco Mueller Troy Stetcher 20 0 3 2
4 Adam Larsson Dougie Hamilton 10 0 3 2
PowerPlay Forward
Center Left Wing Right Wing Time % Phy DF OF
1 Ryan Johansen Alex Galchenyuk Viktor Arvidsson 60 1 2 2
2 Max Domi Tyler Toffoli Tyler Seguin 40 1 2 2
PowerPlay Defense
Defense Defense Time % Phy DF OF
1 Ryan Murray Dougie Hamilton 55 1 2 2
2 Marco Scandella Troy Stetcher 45 1 2 2
Penalty Kill 4 Players Forward
Center Wing Time % Phy DF OF
1 Noel Acciari Anthony Mantha 60 2 2 1
2 Alexander Wennberg Frank Vatrano 40 2 2 1
Penalty Kill 4 Players Defense
Defense Defense Time % Phy DF OF
1 Adam Larsson Marco Scandella 60 2 3 0
2 Ryan Murray Dougie Hamilton 40 2 3 0
Penalty Kill - 3 Players Forward
Forward Time % Phy DF OF
1 Anthony Mantha 60 2 2 1
2 Tyler Toffoli 40 2 2 1
Penalty Kill - 3 Players Defense
Defense Defense Time % Phy DF OF
1 Adam Larsson Dougie Hamilton 60 2 3 0
2 Ryan Murray Marco Scandella 40 2 3 0
4 vs 4 Forward
Center Wing Time % Phy DF OF
1 Tyler Seguin Anthony Mantha 60 1 2 2
2 Noel Acciari Frank Vatrano 40 1 2 2
4 vs 4 Defense
Defense Defense Time % Phy DF OF
1 Adam Larsson Dougie Hamilton 60 1 2 2
2 Ryan Murray Troy Stetcher 40 1 2 2
Last Minutes Offensive
Center Left Wing Right Wing Defense Defense
Ryan Johansen Alex Galchenyuk Tyler Seguin Adam Larsson Dougie Hamilton
Last Minutes Defensive
Center Left Wing Right Wing Defense Defense
Ryan Johansen Alex Galchenyuk Tyler Seguin Adam Larsson Dougie Hamilton
Goaltenders
Starting : Elvis Merzlikins
Backup : Jacob Markstrom
Extra Forwards
Normal : Anthony Mantha, Alexander Wennberg, Noel Acciari - PP : Anthony Mantha, Alexander Wennberg - PK : Noel Acciari
Extra Defensemen
Normal : Mirco Mueller, Marco Scandella, Ryan Murray - PP : Mirco Mueller - PK : Marco Scandella, Ryan Murray
Penalty Shots
Tyler Seguin, Alex Galchenyuk, Ryan Johansen, Tyler Toffoli, Viktor Arvidsson
Custom OT Lines Forwards
Tyler Seguin, Alex Galchenyuk, Ryan Johansen, Tyler Toffoli, Viktor Arvidsson, Max Domi, Anthony Mantha, Alexander Wennberg, Noel Acciari, Frank Vatrano
Custom OT Lines Defensemen
Adam Larsson, Dougie Hamilton, Ryan Murray, Troy Stetcher, Mirco Mueller
Scratches
None
% Time on Ice - Predators
Lines # - Real PCT - Wanted PCT - Time Play
Normal Forward
1 - 35% - 40% - 17:26
2 - 26% - 30% - 12:38
3 - 20% - 20% - 9:58
4 - 19% - 10% - 9:07
Normal Defense
1 - 40% - 40% - 19:54
2 - 30% - 30% - 14:33
3 - 25% - 20% - 12:07
4 - 5% - 10% - 2:35
PP Forward
1 - 66% - 60% - 2:40
2 - 34% - 40% - 1:22
PP Defense
1 - 72% - 60% - 2:54
2 - 28% - 40% - 1:08
PK Forward
1 - 83% - 60% - 4:51
2 - 17% - 40% - 0:59
PK Defense
1 - 58% - 60% - 3:22
2 - 42% - 40% - 2:28
PK3 Forward
1 - 81% - 60% - 0:48
2 - 19% - 40% - 0:11
PK3 Defense
1 - 98% - 60% - 0:58
2 - 2% - 40% - 0:01
44 Forward
1 - 0% - 60%
2 - 0% - 40%
44 Defense
1 - 0% - 60%
2 - 0% - 40%
Last Minute Offensive - 0:00
Last Minute Defensive - 0:00
Total
Forward - 60:00
Defense - 60:00
|
% Time on Ice - Jets
Lines # - Real PCT - Wanted PCT - Time Play
Normal Forward
1 - 34% - 35% - 16:46
2 - 29% - 30% - 14:07
3 - 24% - 25% - 11:59
4 - 13% - 10% - 6:17
Normal Defense
1 - 40% - 40% - 19:53
2 - 29% - 30% - 14:13
3 - 25% - 20% - 12:26
4 - 5% - 10% - 2:37
PP Forward
1 - 58% - 60% - 3:58
2 - 42% - 40% - 2:51
PP Defense
1 - 52% - 55% - 3:34
2 - 48% - 45% - 3:15
PK Forward
1 - 82% - 60% - 3:19
2 - 18% - 40% - 0:43
PK Defense
1 - 75% - 60% - 3:02
2 - 25% - 40% - 1:00
PK3 Forward
1 - 0% - 60%
2 - 0% - 40%
PK3 Defense
1 - 0% - 60%
2 - 0% - 40%
44 Forward
1 - 0% - 60%
2 - 0% - 40%
44 Defense
1 - 0% - 60%
2 - 0% - 40%
Last Minute Offensive - 0:00
Last Minute Defensive - 0:00
Total
Forward - 60:00
Defense - 60:00
|
Play-by-Play
1st period
0:01 of 1st period - Jack Eichel wins face-off versus Ryan Johansen in neutral zone.
0:26 of 1st period - Justin Faulk is hit by Ryan Murray.
0:31 of 1st period - Off-side.
0:32 of 1st period - Alexander Wennberg wins face-off versus Scott Laughton in neutral zone.
0:47 of 1st period - Marco Scandella is hit by Scott Laughton.
1:46 of 1st period - Snap shot by Tyler Seguin.
1:46 of 1st period - Shot Blocked by Mikael Granlund.
2:02 of 1st period - Slapshot by Nicolas Kerdiles.
2:02 of 1st period - Stopped by Elvis Merzlikins without a rebound.
2:03 of 1st period - Alexander Wennberg wins face-off versus Scott Laughton in Jets zone.
2:03 of 1st period - Alexander Wennberg is hit by Ryan Mcdonagh.
2:11 of 1st period - Slapshot by Nicolas Kerdiles.
2:11 of 1st period - Shot Misses the Net.
2:13 of 1st period - Slapshot by Justin Faulk.
2:13 of 1st period - Shot Blocked by Alexander Wennberg.
2:15 of 1st period - Slapshot by Justin Faulk.
2:15 of 1st period - Shot Misses the Net.
2:17 of 1st period - Slapshot by Justin Faulk.
2:17 of 1st period - Goal by Justin Faulk - Predators : 1 - Jets : 0.
2:18 of 1st period - Max Domi wins face-off versus Jack Eichel in neutral zone.
2:21 of 1st period - Snap shot by Viktor Arvidsson.
2:21 of 1st period - Stopped by Michal Neuvirth with a rebound.
2:26 of 1st period - Off-side.
2:27 of 1st period - Max Domi wins face-off versus Mikael Granlund in neutral zone.
2:32 of 1st period - Slapshot by Viktor Arvidsson.
2:32 of 1st period - Shot Blocked by Mikael Granlund.
3:02 of 1st period - Wrist shot by Jaden Schwartz.
3:02 of 1st period - Shot Misses the Net.
3:04 of 1st period - Snap shot by Jaden Schwartz.
3:04 of 1st period - Shot Misses the Net.
3:06 of 1st period - Wrist shot by Ryan Mcdonagh.
3:06 of 1st period - Shot Blocked by Max Domi.
3:08 of 1st period - Snap shot by Justin Faulk.
3:08 of 1st period - Stopped by Elvis Merzlikins without a rebound.
3:09 of 1st period - Andy Miele wins face-off versus Ryan Johansen in Jets zone.
3:14 of 1st period - Slapshot by Alexander Ovechkin.
3:14 of 1st period - Goal by Alexander Ovechkin - Predators : 2 - Jets : 0.
3:15 of 1st period - Tyler Seguin wins face-off versus Andy Miele in neutral zone.
3:30 of 1st period - Wrist shot by Alexander Ovechkin.
3:30 of 1st period - Shot Misses the Net.
3:32 of 1st period - Snap shot by Ryan Mcdonagh.
3:32 of 1st period - Shot Blocked by Troy Stetcher.
3:44 of 1st period - Wrist shot by Alexander Wennberg.
3:44 of 1st period - Stopped by Michal Neuvirth with a rebound.
3:54 of 1st period - Snap shot by Sam Reinhart.
3:54 of 1st period - Stopped by Michal Neuvirth with a rebound.
4:04 of 1st period - Marco Scandella is hit by Scott Laughton and loses puck.
4:54 of 1st period - Scott Laughton is hit by Tyler Toffoli and loses puck.
5:41 of 1st period - Ryan Murray is hit by Mark Pysyk and loses puck.
5:49 of 1st period - Off-side.
5:50 of 1st period - Jack Eichel wins face-off versus Alexander Wennberg in neutral zone.
7:27 of 1st period - Slapshot by Viktor Arvidsson.
7:27 of 1st period - Shot Misses the Net.
7:49 of 1st period - Snap shot by Andy Miele.
7:49 of 1st period - Goal by Andy Miele - Predators : 3 - Jets : 0.
7:50 of 1st period - Jack Eichel wins face-off versus Ryan Johansen in neutral zone.
8:17 of 1st period - Alexander Ovechkin is hit by Viktor Arvidsson and loses puck.
8:29 of 1st period - Wrist shot by Max Domi.
8:29 of 1st period - Stopped by Michal Neuvirth with a rebound.
8:53 of 1st period - Andreas Englund is hit by Frank Vatrano and loses puck.
9:04 of 1st period - Dougie Hamilton is hit by Jack Eichel and loses puck.
9:27 of 1st period - Snap shot by Nicolas Kerdiles.
9:27 of 1st period - Stopped by Elvis Merzlikins with a rebound.
9:30 of 1st period - Icing by Troy Stetcher.
9:31 of 1st period - Andy Miele wins face-off versus Ryan Johansen in Jets zone.
9:32 of 1st period - Wrist shot by Reilly Smith.
9:32 of 1st period - Shot Misses the Net.
9:36 of 1st period - Slapshot by Alexander Ovechkin.
9:36 of 1st period - Stopped by Elvis Merzlikins with a rebound.
9:38 of 1st period - Snap shot by John Moore.
9:38 of 1st period - Shot Misses the Net.
10:23 of 1st period - Snap shot by Alex Galchenyuk.
10:23 of 1st period - Stopped by Michal Neuvirth without a rebound.
10:24 of 1st period - Max Domi wins face-off versus Scott Laughton in Predators zone.
10:27 of 1st period - Wrist shot by Max Domi.
10:27 of 1st period - Stopped by Michal Neuvirth without a rebound.
10:28 of 1st period - Jack Eichel wins face-off versus Max Domi in Predators zone.
10:28 of 1st period - Jack Eichel is hit by Dougie Hamilton.
10:56 of 1st period - Snap shot by Alexander Ovechkin.
10:56 of 1st period - Stopped by Elvis Merzlikins without a rebound.
10:57 of 1st period - Andy Miele wins face-off versus Alexander Wennberg in Jets zone.
11:04 of 1st period - Snap shot by Alexander Ovechkin.
11:04 of 1st period - Stopped by Elvis Merzlikins with a rebound.
11:32 of 1st period - Snap shot by Anthony Mantha.
11:32 of 1st period - Stopped by Michal Neuvirth without a rebound.
11:33 of 1st period - Jaden Schwartz wins face-off versus Max Domi in Predators zone.
12:22 of 1st period - Off-side.
12:23 of 1st period - Noel Acciari wins face-off versus Jack Eichel in neutral zone.
12:36 of 1st period - Wrist shot by Noel Acciari.
12:36 of 1st period - Deflect By Nathan Walker.
12:36 of 1st period - Stopped by Michal Neuvirth with a rebound.
12:50 of 1st period - Snap shot by Viktor Arvidsson.
12:50 of 1st period - Shot Misses the Net.
12:52 of 1st period - Snap shot by Troy Stetcher.
12:52 of 1st period - Stopped by Michal Neuvirth with a rebound.
12:54 of 1st period - Snap shot by Mirco Mueller.
12:54 of 1st period - Stopped by Michal Neuvirth without a rebound.
12:55 of 1st period - Ryan Johansen wins face-off versus Andy Miele in Predators zone.
13:12 of 1st period - Snap shot by Alexander Ovechkin.
13:12 of 1st period - Shot Misses the Net.
13:26 of 1st period - Icing by Josh Morrissey.
13:27 of 1st period - Max Domi wins face-off versus Andy Miele in Predators zone.
13:30 of 1st period - Wrist shot by Viktor Arvidsson.
13:30 of 1st period - Stopped by Michal Neuvirth without a rebound.
13:31 of 1st period - Tyler Toffoli wins face-off versus Jack Eichel in Predators zone.
13:42 of 1st period - Snap shot by Viktor Arvidsson.
13:42 of 1st period - Shot Blocked by Justin Faulk.
13:44 of 1st period - Snap shot by Marco Scandella.
13:44 of 1st period - Shot Misses the Net.
13:46 of 1st period - Slapshot by Adam Larsson.
13:46 of 1st period - Shot Blocked by Justin Faulk.
13:48 of 1st period - Slapshot by Marco Scandella.
13:48 of 1st period - Deflect By Jaden Schwartz.
13:48 of 1st period - Stopped by Michal Neuvirth with a rebound.
14:10 of 1st period - Snap shot by Alexander Wennberg.
14:10 of 1st period - Stopped by Michal Neuvirth with a rebound.
14:49 of 1st period - Viktor Arvidsson is hit by Nicolas Kerdiles and loses puck.
14:54 of 1st period - Snap shot by Mark Pysyk.
14:54 of 1st period - Shot Blocked by Dougie Hamilton.
14:56 of 1st period - Slapshot by Travis Dermott.
14:56 of 1st period - Deflect By Nicolas Kerdiles.
14:56 of 1st period - Stopped by Elvis Merzlikins without a rebound.
14:57 of 1st period - Max Domi wins face-off versus Jack Eichel in Jets zone.
15:04 of 1st period - Backhand shot by Tyler Toffoli.
15:04 of 1st period - Shot Misses the Net.
15:34 of 1st period - Slapshot by Ryan Johansen.
15:34 of 1st period - Deflect By Andy Miele.
15:34 of 1st period - Shot Blocked by Andy Miele.
15:34 of 1st period - Puck is out of play.
15:35 of 1st period - Alexander Wennberg wins face-off versus Jack Eichel in Predators zone.
15:48 of 1st period - Slapshot by Justin Faulk.
15:48 of 1st period - Shot Misses the Net.
16:15 of 1st period - Slapshot by Ryan Mcdonagh.
16:15 of 1st period - Stopped by Elvis Merzlikins without a rebound.
16:16 of 1st period - Scott Laughton wins face-off versus Max Domi in Jets zone.
16:19 of 1st period - Snap shot by Scott Laughton.
16:19 of 1st period - Shot Misses the Net.
16:21 of 1st period - Snap shot by Scott Laughton.
16:21 of 1st period - Shot Blocked by Tyler Toffoli.
16:23 of 1st period - Snap shot by Scott Laughton.
16:23 of 1st period - Shot Blocked by Max Domi.
16:25 of 1st period - Slapshot by Travis Dermott.
16:25 of 1st period - Stopped by Elvis Merzlikins without a rebound.
16:26 of 1st period - Max Domi wins face-off versus Scott Laughton in Jets zone.
17:07 of 1st period - Snap shot by Dougie Hamilton.
17:07 of 1st period - Shot Blocked by Travis Dermott.
17:17 of 1st period - Max Domi is hit by Travis Dermott.
17:37 of 1st period - Wrist shot by Mark Pysyk.
17:37 of 1st period - Shot Misses the Net.
17:39 of 1st period - Wrist shot by Scott Laughton.
17:39 of 1st period - Shot Blocked by Dougie Hamilton.
17:41 of 1st period - Slapshot by Nicolas Kerdiles.
17:41 of 1st period - Stopped by Elvis Merzlikins without a rebound.
17:42 of 1st period - Jack Eichel wins face-off versus Ryan Johansen in Jets zone.
17:53 of 1st period - Wrist shot by Ryan Johansen.
17:53 of 1st period - Shot Misses the Net.
17:55 of 1st period - Slapshot by Adam Larsson.
17:55 of 1st period - Stopped by Michal Neuvirth with a rebound.
17:57 of 1st period - Snap shot by Adam Larsson.
17:57 of 1st period - Shot Misses the Net.
17:59 of 1st period - Snap shot by Tyler Seguin.
17:59 of 1st period - Deflect By Ryan Johansen.
17:59 of 1st period - Shot Misses the Net.
17:59 of 1st period - Puck is out of play.
18:00 of 1st period - Alexander Wennberg wins face-off versus Alexander Ovechkin in Predators zone.
18:09 of 1st period - Slapshot by Sam Reinhart.
18:09 of 1st period - Stopped by Michal Neuvirth with a rebound.
18:11 of 1st period - Snap shot by Sam Reinhart.
18:11 of 1st period - Shot Misses the Net.
18:13 of 1st period - Slapshot by Adam Larsson.
18:13 of 1st period - Shot Misses the Net.
18:15 of 1st period - Wrist shot by Sam Reinhart.
18:15 of 1st period - Stopped by Michal Neuvirth without a rebound.
18:16 of 1st period - Ryan Johansen wins face-off versus Jack Eichel in Predators zone.
18:21 of 1st period - Wrist shot by Tyler Seguin.
18:21 of 1st period - Shot Misses the Net.
18:39 of 1st period - Minor Penalty to Tyler Seguin for Tripping.
18:40 of 1st period - Jack Eichel wins face-off versus Noel Acciari in Jets zone.
18:43 of 1st period - Snap shot by Jaden Schwartz.
18:43 of 1st period - Goal by Jaden Schwartz - Predators : 4 - Jets : 0.
18:43 of 1st period - Jacob Markstrom enters game.
18:44 of 1st period - Jack Eichel wins face-off versus Alex Galchenyuk in neutral zone.
19:07 of 1st period - Minor Penalty to Ryan Johansen for Hooking.
19:08 of 1st period - Mikael Granlund wins face-off versus Noel Acciari in Jets zone.
Goals for this period are 4 for Predators vs 0 for Jets.
Shots for this period are 14 for Predators vs 16 for Jets.
2nd period
0:01 of 2nd period - Jack Eichel wins face-off versus Noel Acciari in neutral zone.
0:04 of 2nd period - Snap shot by Mikael Granlund.
0:04 of 2nd period - Shot Blocked by Marco Scandella.
0:37 of 2nd period - Wrist shot by Andy Miele.
0:37 of 2nd period - Stopped by Jacob Markstrom without a rebound.
0:38 of 2nd period - Andy Miele wins face-off versus Alexander Wennberg in Jets zone.
0:43 of 2nd period - Snap shot by Andy Miele.
0:43 of 2nd period - Shot Hit the Post.
0:45 of 2nd period - Slapshot by John Moore.
0:45 of 2nd period - Stopped by Jacob Markstrom without a rebound.
0:46 of 2nd period - Noel Acciari wins face-off versus Jack Eichel in Jets zone.
0:54 of 2nd period - Off-side.
0:55 of 2nd period - Noel Acciari wins face-off versus Jack Eichel in neutral zone.
1:06 of 2nd period - Snap shot by Noel Acciari.
1:06 of 2nd period - Shot Misses the Net.
1:07 of 2nd period - Penalty to Ryan Johansen is over, Ryan Johansen is back on ice.
1:22 of 2nd period - Snap shot by Jaden Schwartz.
1:22 of 2nd period - Goal by Jaden Schwartz - Predators : 5 - Jets : 0.
1:23 of 2nd period - Alexander Wennberg wins face-off versus Jaden Schwartz in neutral zone.
1:27 of 2nd period - Ryan Murray is hit by Jaden Schwartz and loses puck.
1:46 of 2nd period - Minor Penalty to Justin Faulk for Roughing.
1:47 of 2nd period - Jaden Schwartz wins face-off versus Ryan Johansen in Predators zone.
1:47 of 2nd period - Jaden Schwartz is hit by Dougie Hamilton.
2:19 of 2nd period - Ryan Mcdonagh is hit by Max Domi and loses puck.
2:46 of 2nd period - Minor Penalty to Nicolas Kerdiles for Hooking.
2:47 of 2nd period - Jaden Schwartz wins face-off versus Ryan Johansen in Predators zone.
2:59 of 2nd period - Off-side.
3:00 of 2nd period - Ryan Johansen wins face-off versus Jaden Schwartz in neutral zone.
3:12 of 2nd period - Ryan Mcdonagh is hit by Viktor Arvidsson and loses puck.
3:37 of 2nd period - Snap shot by Tyler Seguin.
3:37 of 2nd period - Shot Blocked by Mark Pysyk.
3:46 of 2nd period - Penalty to Justin Faulk is over, Justin Faulk is back on ice.
4:46 of 2nd period - Penalty to Nicolas Kerdiles is over, Nicolas Kerdiles is back on ice.
4:54 of 2nd period - Slapshot by Mark Pysyk.
4:54 of 2nd period - Shot Misses the Net.
4:56 of 2nd period - Wrist shot by Mark Pysyk.
4:56 of 2nd period - Shot Blocked by Dougie Hamilton.
4:58 of 2nd period - Slapshot by Nicolas Kerdiles.
4:58 of 2nd period - Deflect By Mark Pysyk.
4:58 of 2nd period - Stopped by Jacob Markstrom without a rebound.
4:59 of 2nd period - Alexander Wennberg wins face-off versus Hunter Shinkaruk in Jets zone.
4:59 of 2nd period - Alexander Wennberg is hit by Josh Morrissey.
5:55 of 2nd period - Snap shot by Alex Galchenyuk.
5:55 of 2nd period - Shot Misses the Net.
6:05 of 2nd period - Dougie Hamilton is hit by Mark Pysyk and loses puck.
6:12 of 2nd period - Slapshot by Scott Laughton.
6:12 of 2nd period - Stopped by Jacob Markstrom with a rebound.
6:14 of 2nd period - Snap shot by Nicolas Kerdiles.
6:14 of 2nd period - Stopped by Jacob Markstrom with a rebound.
6:33 of 2nd period - Icing by Joel Armia.
6:34 of 2nd period - Markus Granlund wins face-off versus Alexander Wennberg in Predators zone.
7:00 of 2nd period - Ryan Mcdonagh is hit by Ryan Johansen and loses puck.
7:59 of 2nd period - Alexander Ovechkin is hit by Max Domi.
8:11 of 2nd period - Icing by Andy Miele.
8:12 of 2nd period - Scott Laughton wins face-off versus Alexander Wennberg in Predators zone.
8:19 of 2nd period - Slapshot by Scott Laughton.
8:19 of 2nd period - Stopped by Jacob Markstrom without a rebound.
8:20 of 2nd period - Ryan Johansen wins face-off versus Jack Eichel in Jets zone.
8:34 of 2nd period - Snap shot by Jaden Schwartz.
8:34 of 2nd period - Shot Misses the Net.
8:40 of 2nd period - Jack Eichel is hit by Tyler Seguin and loses puck.
9:03 of 2nd period - Wrist shot by Alexander Ovechkin.
9:03 of 2nd period - Stopped by Jacob Markstrom with a rebound.
10:05 of 2nd period - Slapshot by John Moore.
10:05 of 2nd period - Stopped by Jacob Markstrom with a rebound.
10:07 of 2nd period - Slapshot by Hunter Shinkaruk.
10:07 of 2nd period - Shot Misses the Net.
10:22 of 2nd period - Icing by Ryan Johansen.
10:23 of 2nd period - Jack Eichel wins face-off versus Ryan Johansen in Jets zone.
10:30 of 2nd period - Wrist shot by Jaden Schwartz.
10:30 of 2nd period - Stopped by Jacob Markstrom with a rebound.
10:40 of 2nd period - Snap shot by Jack Eichel.
10:40 of 2nd period - Deflect By Mikael Granlund.
10:40 of 2nd period - Stopped by Jacob Markstrom with a rebound.
11:09 of 2nd period - Icing by Andreas Englund.
11:10 of 2nd period - Andy Miele wins face-off versus Alexander Wennberg in Predators zone.
11:37 of 2nd period - Slapshot by Mark Pysyk.
11:37 of 2nd period - Shot Blocked by Viktor Arvidsson.
11:48 of 2nd period - Wrist shot by Tyler Toffoli.
11:48 of 2nd period - Goal by Tyler Toffoli - Predators : 5 - Jets : 1.
11:49 of 2nd period - Ryan Johansen wins face-off versus Jack Eichel in neutral zone.
11:58 of 2nd period - Slapshot by Alex Galchenyuk.
11:58 of 2nd period - Stopped by Michal Neuvirth with a rebound.
12:00 of 2nd period - Slapshot by Ryan Murray.
12:00 of 2nd period - Shot Blocked by Justin Faulk.
12:02 of 2nd period - Wrist shot by Ryan Murray.
12:02 of 2nd period - Shot Blocked by Ryan Mcdonagh.
12:04 of 2nd period - Snap shot by Ryan Johansen.
12:04 of 2nd period - Stopped by Michal Neuvirth without a rebound.
12:05 of 2nd period - Andy Miele wins face-off versus Max Domi in Predators zone.
12:22 of 2nd period - Snap shot by Reilly Smith.
12:22 of 2nd period - Shot Misses the Net.
12:53 of 2nd period - Wrist shot by Viktor Arvidsson.
12:53 of 2nd period - Shot Misses the Net.
12:57 of 2nd period - Snap shot by Max Domi.
12:57 of 2nd period - Stopped by Michal Neuvirth without a rebound.
12:58 of 2nd period - Ryan Johansen wins face-off versus Jack Eichel in Predators zone.
13:22 of 2nd period - Icing by Ryan Johansen.
13:23 of 2nd period - Ryan Johansen wins face-off versus Andy Miele in Jets zone.
13:28 of 2nd period - Wrist shot by Alexander Wennberg.
13:28 of 2nd period - Shot Blocked by Andreas Englund.
13:38 of 2nd period - Snap shot by Alexander Ovechkin.
13:38 of 2nd period - Shot Blocked by Alexander Wennberg.
13:40 of 2nd period - Wrist shot by Alexander Ovechkin.
13:40 of 2nd period - Shot Misses the Net.
13:51 of 2nd period - Minor Penalty to Mikael Granlund for Roughing.
13:52 of 2nd period - Ryan Johansen wins face-off versus Jaden Schwartz in Predators zone.
14:22 of 2nd period - Snap shot by Tyler Seguin.
14:22 of 2nd period - Shot Blocked by Ryan Mcdonagh.
14:37 of 2nd period - Off-side.
14:38 of 2nd period - Ryan Johansen wins face-off versus Andy Miele in neutral zone.
15:51 of 2nd period - Penalty to Mikael Granlund is over, Mikael Granlund is back on ice.
16:23 of 2nd period - Wrist shot by Noel Acciari.
16:23 of 2nd period - Shot Misses the Net.
16:55 of 2nd period - Wrist shot by Noel Acciari.
16:55 of 2nd period - Stopped by Michal Neuvirth without a rebound.
16:56 of 2nd period - Jack Eichel wins face-off versus Ryan Johansen in Predators zone.
17:05 of 2nd period - Wrist shot by Mikael Granlund.
17:05 of 2nd period - Stopped by Jacob Markstrom without a rebound.
17:06 of 2nd period - Ryan Johansen wins face-off versus Jack Eichel in Jets zone.
17:34 of 2nd period - Off-side.
17:35 of 2nd period - Max Domi wins face-off versus Andy Miele in neutral zone.
17:53 of 2nd period - Minor Penalty to Adam Larsson for Goalie Interference.
17:54 of 2nd period - Mikael Granlund wins face-off versus Noel Acciari in Jets zone.
17:56 of 2nd period - Wrist shot by Mikael Granlund.
17:56 of 2nd period - Stopped by Jacob Markstrom with a rebound.
17:58 of 2nd period - Snap shot by Mikael Granlund.
17:58 of 2nd period - Stopped by Jacob Markstrom without a rebound.
17:59 of 2nd period - Jack Eichel wins face-off versus Noel Acciari in Jets zone.
18:14 of 2nd period - Snap shot by Mikael Granlund.
18:14 of 2nd period - Deflect By Anthony Mantha.
18:14 of 2nd period - Stopped by Jacob Markstrom without a rebound.
18:15 of 2nd period - Noel Acciari wins face-off versus Jack Eichel in Jets zone.
19:53 of 2nd period - Penalty to Adam Larsson is over, Adam Larsson is back on ice.
Goals for this period are 1 for Predators vs 1 for Jets.
Shots for this period are 15 for Predators vs 5 for Jets.
3rd period
0:01 of 3rd period - Ryan Johansen wins face-off versus Jack Eichel in neutral zone.
0:08 of 3rd period - Wrist shot by Alex Galchenyuk.
0:08 of 3rd period - Deflect By Ryan Johansen.
0:08 of 3rd period - Shot Misses the Net.
0:08 of 3rd period - Puck is out of play.
0:09 of 3rd period - Jack Eichel wins face-off versus Ryan Johansen in Predators zone.
0:26 of 3rd period - Snap shot by Jack Eichel.
0:26 of 3rd period - Shot Misses the Net.
1:39 of 3rd period - Icing by Jack Eichel.
1:40 of 3rd period - Jack Eichel wins face-off versus Max Domi in Predators zone.
2:04 of 3rd period - Off-side.
2:05 of 3rd period - Alexander Wennberg wins face-off versus Andy Miele in neutral zone.
2:07 of 3rd period - Alexander Wennberg and Andy Miele fight to a draw.
2:07 of 3rd period - Penalty to Alexander Wennberg for Fighting.
2:07 of 3rd period - Penalty to Andy Miele for Fighting.
2:08 of 3rd period - Nicolas Kerdiles wins face-off versus Noel Acciari in Predators zone.
2:58 of 3rd period - Slapshot by Dougie Hamilton.
2:58 of 3rd period - Shot Misses the Net.
3:00 of 3rd period - Slapshot by Ryan Johansen.
3:00 of 3rd period - Stopped by Michal Neuvirth with a rebound.
3:02 of 3rd period - Slapshot by Ryan Murray.
3:02 of 3rd period - Stopped by Michal Neuvirth with a rebound.
3:20 of 3rd period - Adam Larsson is hit by Reilly Smith and loses puck.
3:39 of 3rd period - Justin Faulk is hit by Anthony Mantha and loses puck.
4:20 of 3rd period - Jaden Schwartz is hit by Sam Reinhart and loses puck.
4:51 of 3rd period - Ryan Johansen is hit by Josh Morrissey and loses puck.
6:25 of 3rd period - Reilly Smith is hit by Dougie Hamilton and loses puck.
6:57 of 3rd period - Troy Stetcher is hit by Reilly Smith and loses puck.
10:24 of 3rd period - Andy Miele is hit by Alex Galchenyuk and loses puck.
10:49 of 3rd period - Wrist shot by Markus Granlund.
10:49 of 3rd period - Goal by Markus Granlund - Predators : 6 - Jets : 1.
10:50 of 3rd period - Max Domi wins face-off versus Jack Eichel in neutral zone.
11:23 of 3rd period - Snap shot by Alex Galchenyuk.
11:23 of 3rd period - Stopped by Michal Neuvirth with a rebound.
12:00 of 3rd period - Off-side.
12:01 of 3rd period - Markus Granlund wins face-off versus Noel Acciari in neutral zone.
12:06 of 3rd period - Snap shot by Hunter Shinkaruk.
12:06 of 3rd period - Shot Blocked by Dougie Hamilton.
12:59 of 3rd period - Snap shot by Andy Miele.
12:59 of 3rd period - Shot Misses the Net.
13:15 of 3rd period - Slapshot by Mirco Mueller.
13:15 of 3rd period - Stopped by Michal Neuvirth with a rebound.
13:17 of 3rd period - Wrist shot by Sam Reinhart.
13:17 of 3rd period - Stopped by Michal Neuvirth with a rebound.
13:41 of 3rd period - Wrist shot by Markus Granlund.
13:41 of 3rd period - Deflect By Joel Armia.
13:41 of 3rd period - Shot Misses the Net.
13:41 of 3rd period - Puck is out of play.
13:42 of 3rd period - Ryan Johansen wins face-off versus Jack Eichel in Jets zone.
13:55 of 3rd period - Snap shot by Jaden Schwartz.
13:55 of 3rd period - Stopped by Jacob Markstrom with a rebound.
13:57 of 3rd period - Slapshot by Travis Dermott.
13:57 of 3rd period - Shot Blocked by Ryan Murray.
13:59 of 3rd period - Slapshot by John Moore.
13:59 of 3rd period - Deflect By Mikael Granlund.
13:59 of 3rd period - Shot Misses the Net.
13:59 of 3rd period - Puck is out of play.
14:00 of 3rd period - Andy Miele wins face-off versus Max Domi in Jets zone.
14:54 of 3rd period - Adam Larsson is hit by Travis Dermott and loses puck.
15:13 of 3rd period - Snap shot by Noel Acciari.
15:13 of 3rd period - Deflect By Markus Granlund.
15:13 of 3rd period - Shot Misses the Net.
15:13 of 3rd period - Puck is out of play.
15:14 of 3rd period - Jack Eichel wins face-off versus Ryan Johansen in Predators zone.
15:31 of 3rd period - Snap shot by Alex Galchenyuk.
15:31 of 3rd period - Shot Blocked by Justin Faulk.
15:53 of 3rd period - Snap shot by Mikael Granlund.
15:53 of 3rd period - Goal by Mikael Granlund - Predators : 7 - Jets : 1.
15:54 of 3rd period - Andy Miele wins face-off versus Max Domi in neutral zone.
16:12 of 3rd period - Viktor Arvidsson is hit by Reilly Smith and loses puck.
16:27 of 3rd period - Snap shot by Tyler Seguin.
16:27 of 3rd period - Shot Misses the Net.
16:29 of 3rd period - Wrist shot by Tyler Seguin.
16:29 of 3rd period - Stopped by Michal Neuvirth with a rebound.
16:31 of 3rd period - Slapshot by Ryan Murray.
16:31 of 3rd period - Stopped by Michal Neuvirth with a rebound.
17:29 of 3rd period - Slapshot by Andy Miele.
17:29 of 3rd period - Shot Misses the Net.
17:39 of 3rd period - Josh Morrissey is hit by Tyler Toffoli and loses puck.
18:00 of 3rd period - Backhand shot by Alexander Wennberg.
18:00 of 3rd period - Shot Misses the Net.
18:08 of 3rd period - Minor Penalty to Jaden Schwartz for Holding.
18:09 of 3rd period - Ryan Johansen wins face-off versus Reilly Smith in Predators zone.
18:41 of 3rd period - Wrist shot by Viktor Arvidsson.
18:41 of 3rd period - Stopped by Michal Neuvirth without a rebound.
18:42 of 3rd period - Max Domi wins face-off versus Andy Miele in Predators zone.
19:36 of 3rd period - Max Domi is hit by Alexander Ovechkin.
Goals for this period are 2 for Predators vs 0 for Jets.
Shots for this period are 3 for Predators vs 8 for Jets.